[ AOE2 MATCH · #464631998 ]
Team RMHuns vs Goths
[ REPLAY ANALYSIS · EXTRACTED FROM THE RECORDED GAME ]
Feudal
10:59
Castle
19:32
Imperial
36:17
| APM avg | 14.2 |
| APM peak | 54 |
| eAPM avg | 8.9 |
| Villagers / military | 102 / 150 |
Focus
⚔️ 21.5% · 🌾 78.5%
Spearman ×77 · Tarkan ×52 · Cavalry Archer ×20 · Petard ×1
Feudal
12:39
Castle
17:31
Imperial
38:24
| APM avg | 16.7 |
| APM peak | 49 |
| eAPM avg | 13.1 |
| Villagers / military | 155 / 156 |
Focus
⚔️ 38.5% · 🌾 61.5%
Knight ×105 · Throwing Axeman ×24 · Skirmisher ×19 · Trebuchet (Packed) ×5 · Mangonel ×3
Feudal
10:38
Castle
18:25
Imperial
30:30
| APM avg | 19.0 |
| APM peak | 77 |
| eAPM avg | 13.5 |
| Villagers / military | 107 / 461 |
Focus
⚔️ 29.0% · 🌾 71.0%
Huskarl ×315 · Spearman ×138 · Battering Ram ×6 · Trebuchet (Packed) ×2
Feudal
11:27
Castle
17:52
Imperial
38:03
| APM avg | 19.7 |
| APM peak | 46 |
| eAPM avg | 13.5 |
| Villagers / military | 146 / 163 |
Focus
⚔️ 27.8% · 🌾 72.2%
Spearman ×122 · Huskarl ×17 · Skirmisher ×6 · Battering Ram ×5 · Mangonel ×4 · Petard ×3
Feudal
11:41
Castle
15:37
Imperial
32:07
| APM avg | 54.0 |
| APM peak | 93 |
| eAPM avg | 25.3 |
| Villagers / military | 225 / 125 |
Focus
⚔️ 33.3% · 🌾 66.7%
Hand Cannoneer ×40 · Knight ×40 · Camel Scout ×31 · Bombard Cannon ×11 · Mangonel ×2 · Battering Ram ×1
Feudal
14:01
Castle
18:48
Imperial
—
| APM avg | 28.1 |
| APM peak | 86 |
| eAPM avg | 12.1 |
| Villagers / military | 138 / 150 |
Focus
⚔️ 22.1% · 🌾 77.9%
Knight ×134 · Scout Cavalry ×12 · Monk ×4
Feudal
10:40
Castle
14:05
Imperial
31:51
| APM avg | 38.8 |
| APM peak | 94 |
| eAPM avg | 25.4 |
| Villagers / military | 300 / 127 |
Focus
⚔️ 21.8% · 🌾 78.2%
Ballista Elephant ×121 · Spearman ×5 · Monk ×1
Feudal
11:07
Castle
16:31
Imperial
33:05
| APM avg | 20.1 |
| APM peak | 62 |
| eAPM avg | 14.1 |
| Villagers / military | 193 / 272 |
Focus
⚔️ 30.5% · 🌾 69.5%
Spearman ×100 · Knight ×75 · Throwing Axeman ×67 · Skirmisher ×15 · Monk ×6 · Mangonel ×5
Match map
Initial resources + every placement click. Lines = walls · curves = elevation contours. ◆ gold · ⬟ stone · ● berries · ✦ relic · ◌ wall gap
Your base· ✓ Closed at 19:32 · 0t walls · 2 gate(s)
maltheh9797's base· ✓ Closed at 17:31 · 0t walls · 2 gate(s)
xdr4690's base· ✓ Closed at 18:25 · 0t walls · 3 gate(s)
Acid Dag's base· ✓ Closed at 17:52 · 0t walls · 3 gate(s)
OnlyFranks's base· ✓ Closed at 15:37 · 0t walls · 3 gate(s)
Военкомат's base· ✓ Closed at 18:48 · 0t walls · 2 gate(s)
Timbor's base· ✓ Closed at 14:05 · 0t walls · 2 gate(s)
avarhard's base· ✓ Closed at 16:31 · 0t walls · 2 gate(s)
Smoothed initial terrain · ◌ = detected wall gap · hover for details
Inputs per minute
— Tetrodotoxin - - maltheh9797
Build order — Tetrodotoxin
First 150 of 260 actions detected
| 0:04 | Create | Villager (Male) ×4 |
| 0:34 | Research | Loom |
| 1:43 | Create | Villager (Male) |
| 2:00 | Create | Villager (Male) |
| 2:15 | Create | Villager (Male) |
| 2:40 | Create | Villager (Male) |
| 3:10 | Create | Villager (Male) |
| 3:13 | Create | Villager (Male) |
| 3:41 | Create | Villager (Male) |
| 3:52 | Build | Mill |
| 4:13 | Create | Villager (Male) ×2 |
| 5:13 | Create | Villager (Male) |
| 5:14 | Create | Villager (Male) |
| 5:14 | Create | Villager (Male) |
| 5:14 | Create | Villager (Male) |
| 6:31 | Create | Villager (Male) |
| 6:41 | Build | Lumber Camp |
| 7:34 | Create | Villager (Male) |
| 7:51 | Create | Villager (Male) |
| 8:17 | Research | Feudal Age |
| 8:31 | Build | Mill |
| 9:20 | Create | Villager (Male) ×4 |
| 10:59 | Age | Feudal Age |
| 11:02 | Research | Wheelbarrow |
| 11:32 | Build | Mining Camp |
| 11:36 | Research | Horse Collar |
| 11:38 | Research | Double-Bit Axe |
| 12:21 | Build | Mining Camp |
| 12:28 | Build | Farm |
| 12:29 | Build | Farm |
| 12:50 | Create | Villager (Male) |
| 12:52 | Create | Villager (Male) |
| 12:59 | Build | Farm |
| 13:03 | Build | Farm |
| 13:13 | Build | Farm |
| 13:34 | Build | Farm |
| 14:14 | Build | Farm |
| 14:17 | Build | Farm |
| 14:21 | Build | Farm |
| 14:24 | Build | Farm |
| 14:25 | Create | Villager (Male) |
| 14:49 | Create | Villager (Male) |
| 14:53 | Build | Blacksmith |
| 15:18 | Create | Villager (Male) |
| 15:39 | Build | Market |
| 15:51 | Create | Villager (Male) |
| 15:58 | Create | Villager (Male) |
| 16:02 | Build | Farm |
| 16:52 | Research | Castle Age |
| 16:55 | Build | Farm |
| 16:56 | Build | Farm |
| 17:54 | Create | Villager (Male) |
| 17:54 | Create | Villager (Male) |
| 18:23 | Research | Forging |
| 18:27 | Research | Scale Barding Armor |
| 18:28 | Research | Fletching |
| 19:32 | Age | Castle Age |
| 19:37 | Research | Hand Cart |
| 20:04 | Build | Town Center |
| 20:08 | Research | Bow Saw |
| 20:30 | Build | Farm |
| 20:36 | Build | Farm |
| 20:42 | Research | Heavy Plow |
| 20:54 | Build | Castle |
| 21:06 | Research | Bodkin Arrow |
| 21:13 | Create | Villager (Male) |
| 21:14 | Create | Villager (Male) |
| 21:27 | Build | Barracks |
| 21:38 | Create | Villager (Male) |
| 21:48 | Build | Farm |
| 21:49 | Create | Villager (Male) |
| 21:50 | Create | Villager (Male) |
| 22:19 | Build | Farm |
| 22:23 | Build | Farm |
| 22:25 | Create | Villager (Male) |
| 22:40 | Build | Stable |
| 22:42 | Build | Stable |
| 22:44 | Build | Stable |
| 22:55 | Build | Farm |
| 22:57 | Create | Villager (Male) |
| 23:01 | Create | Villager (Male) |
| 23:01 | Create | Villager (Male) |
| 23:01 | Create | Villager (Male) |
| 23:06 | Build | Farm |
| 23:08 | Create | Villager (Male) |
| 23:15 | Create | Tarkan ×2 |
| 23:19 | Create | Villager (Male) |
| 23:29 | Build | Farm |
| 23:47 | Create | Villager (Male) |
| 23:49 | Build | Farm |
| 23:51 | Create | Villager (Male) |
| 23:52 | Create | Villager (Male) |
| 23:52 | Create | Villager (Male) |
| 24:33 | Create | Tarkan ×3 |
| 24:58 | Research | Husbandry |
| 25:09 | Create | Villager (Male) |
| 25:10 | Create | Villager (Male) |
| 25:10 | Create | Villager (Male) |
| 25:13 | Build | Farm |
| 25:14 | Build | Farm |
| 25:16 | Build | Farm |
| 25:16 | Create | Villager (Male) |
| 25:17 | Create | Villager (Male) |
| 25:17 | Create | Villager (Male) |
| 25:17 | Create | Villager (Male) |
| 25:22 | Build | Stable |
| 26:06 | Research | Marauders |
| 26:27 | Build | Stable |
| 26:27 | Create | Villager (Male) |
| 26:28 | Create | Villager (Male) |
| 26:28 | Create | Villager (Male) |
| 26:31 | Build | Farm |
| 26:32 | Build | Farm |
| 26:34 | Create | Villager (Male) |
| 26:39 | Build | Lumber Camp |
| 26:41 | Create | Villager (Male) |
| 26:41 | Create | Villager (Male) |
| 26:58 | Research | Bloodlines |
| 27:03 | Build | Mining Camp |
| 27:09 | Build | Farm |
| 27:10 | Build | Farm |
| 27:21 | Create | Tarkan ×5 |
| 27:26 | Create | Villager (Male) ×5 |
| 27:26 | Create | Villager (Male) ×2 |
| 27:39 | Build | Farm |
| 27:57 | Build | Archery Range |
| 28:01 | Create | Villager (Male) |
| 28:03 | Research | Padded Archer Armor |
| 28:04 | Research | Iron Casting |
| 28:19 | Create | Petard |
| 28:32 | Create | Villager (Male) |
| 28:32 | Create | Villager (Male) |
| 28:33 | Create | Villager (Male) |
| 28:51 | Research | Thumb Ring |
| 28:57 | Create | Villager (Male) |
| 29:22 | Build | Archery Range |
| 29:28 | Build | Farm |
| 29:29 | Build | Farm |
| 29:32 | Create | Villager (Male) |
| 29:39 | Create | Villager (Male) |
| 29:41 | Create | Villager (Male) |
| 29:41 | Create | Villager (Male) |
| 29:48 | Create | Cavalry Archer ×5 |
| 29:48 | Create | Cavalry Archer |
| 29:49 | Create | Cavalry Archer |
| 29:49 | Create | Cavalry Archer |
| 30:37 | Create | Villager (Male) |
| 30:37 | Create | Villager (Male) |
| 30:39 | Create | Villager (Male) |
| 30:47 | Build | Monastery |
Build order — maltheh9797
First 150 of 477 actions detected
| 0:00 | Create | Villager (Male) |
| 0:01 | Create | Villager (Male) |
| 0:01 | Create | Villager (Male) |
| 0:01 | Create | Villager (Male) |
| 0:03 | Build | House |
| 0:06 | Build | House |
| 1:28 | Create | Villager (Male) |
| 1:28 | Create | Villager (Male) |
| 2:03 | Create | Villager (Male) |
| 2:15 | Build | Lumber Camp |
| 2:20 | Create | Villager (Male) |
| 2:50 | Create | Villager (Male) |
| 3:05 | Create | Villager (Male) |
| 3:24 | Build | House |
| 3:25 | Build | House |
| 3:33 | Create | Villager (Male) |
| 3:48 | Create | Villager (Male) |
| 4:28 | Create | Villager (Male) |
| 4:28 | Create | Villager (Male) |
| 4:59 | Create | Villager (Male) |
| 5:17 | Build | House |
| 5:29 | Create | Villager (Male) |
| 5:34 | Create | Villager (Male) |
| 6:00 | Build | House |
| 6:10 | Create | Villager (Male) |
| 6:11 | Create | Villager (Male) |
| 6:35 | Create | Villager (Male) |
| 7:00 | Create | Villager (Male) |
| 7:23 | Create | Villager (Male) |
| 7:45 | Build | Mill |
| 8:06 | Create | Villager (Male) |
| 8:12 | Create | Villager (Male) |
| 8:36 | Build | Mining Camp |
| 8:46 | Create | Villager (Male) |
| 9:02 | Build | Mill |
| 9:36 | Create | Villager (Male) |
| 10:01 | Create | Villager (Male) |
| 10:07 | Research | Feudal Age |
| 10:16 | Build | Mining Camp |
| 10:48 | Build | House |
| 11:12 | Create | Villager (Male) |
| 11:12 | Create | Villager (Male) |
| 11:57 | Build | House |
| 12:00 | Build | House |
| 12:20 | Build | Farm |
| 12:22 | Build | Farm |
| 12:39 | Age | Feudal Age |
| 12:43 | Build | Farm |
| 12:50 | Build | Market |
| 13:35 | Create | Villager (Male) |
| 13:53 | Build | Blacksmith |
| 13:59 | Create | Villager (Male) |
| 14:20 | Research | Loom |
| 14:32 | Build | Farm |
| 14:51 | Research | Castle Age |
| 14:57 | Build | Farm |
| 15:03 | Build | Farm |
| 15:23 | Build | House |
| 15:25 | Build | House |
| 15:26 | Build | House |
| 15:36 | Research | Double-Bit Axe |
| 16:05 | Build | Farm |
| 16:21 | Build | Farm |
| 16:33 | Build | Farm |
| 16:54 | Build | House |
| 16:56 | Build | House |
| 17:31 | Age | Castle Age |
| 17:31 | Research | Wheelbarrow |
| 17:49 | Build | Castle |
| 17:59 | Create | Villager (Male) |
| 17:59 | Create | Villager (Male) |
| 18:25 | Create | Villager (Male) |
| 18:41 | Build | Town Center |
| 19:37 | Create | Villager (Male) |
| 19:37 | Create | Villager (Male) |
| 19:52 | Build | Farm |
| 19:53 | Build | Farm |
| 19:54 | Create | Villager (Male) |
| 19:54 | Create | Villager (Male) |
| 20:01 | Build | House |
| 20:04 | Build | House |
| 20:05 | Build | House |
| 20:06 | Create | Villager (Male) |
| 20:06 | Create | Villager (Male) |
| 20:16 | Create | Villager (Male) |
| 20:16 | Create | Villager (Male) |
| 20:25 | Build | Town Center |
| 20:36 | Build | Farm |
| 20:40 | Build | Farm |
| 20:48 | Create | Villager (Male) |
| 20:48 | Create | Villager (Male) |
| 21:17 | Build | Stone Wall |
| 21:18 | Create | Villager (Male) |
| 21:18 | Create | Villager (Male) |
| 21:22 | Build | Farm |
| 21:25 | Create | Villager (Male) |
| 21:26 | Create | Villager (Male) |
| 21:34 | Create | Villager (Male) |
| 21:39 | Create | Villager (Male) |
| 21:49 | Build | Farm |
| 21:52 | Create | Villager (Male) |
| 21:56 | Build | Farm |
| 22:14 | Create | Villager (Male) |
| 22:14 | Create | Villager (Male) |
| 22:28 | Create | Villager (Male) |
| 22:28 | Create | Villager (Male) |
| 22:42 | Build | Castle |
| 22:43 | Create | Villager (Male) |
| 22:44 | Create | Villager (Male) |
| 22:48 | Build | Farm |
| 23:08 | Build | Stone Wall |
| 23:10 | Create | Villager (Male) |
| 23:10 | Create | Villager (Male) |
| 23:12 | Create | Villager (Male) |
| 23:12 | Create | Villager (Male) |
| 23:24 | Create | Villager (Male) |
| 23:24 | Create | Villager (Male) |
| 23:31 | Build | Farm |
| 23:33 | Build | Farm |
| 23:33 | Create | Villager (Male) |
| 23:51 | Build | Siege Workshop |
| 24:17 | Create | Mangonel |
| 24:43 | Create | Mangonel |
| 24:51 | Create | Villager (Male) |
| 24:52 | Create | Villager (Male) |
| 24:52 | Create | Villager (Male) |
| 24:52 | Create | Villager (Male) |
| 24:52 | Create | Villager (Male) |
| 24:58 | Build | Farm |
| 24:59 | Build | Farm |
| 25:01 | Build | Farm |
| 25:37 | Build | Gate |
| 25:47 | Create | Villager (Male) |
| 25:47 | Create | Villager (Male) |
| 26:11 | Create | Villager (Male) |
| 26:11 | Create | Villager (Male) |
| 26:11 | Create | Villager (Male) |
| 26:12 | Create | Villager (Male) |
| 26:12 | Create | Villager (Male) |
| 26:22 | Create | Throwing Axeman |
| 26:22 | Create | Throwing Axeman |
| 26:23 | Create | Throwing Axeman |
| 26:23 | Create | Throwing Axeman |
| 26:23 | Create | Throwing Axeman |
| 26:48 | Create | Villager (Male) |
| 26:48 | Create | Villager (Male) |
| 27:04 | Build | Stone Wall |
| 27:11 | Create | Villager (Male) |
| 27:12 | Create | Villager (Male) |
| 27:46 | Create | Villager (Male) |
Build order — xdr4690
First 150 of 390 actions detected
| 0:10 | Build | House |
| 0:13 | Build | House |
| 0:17 | Create | Villager (Male) |
| 0:17 | Create | Villager (Male) |
| 0:17 | Create | Villager (Male) |
| 1:34 | Create | Villager (Male) |
| 2:02 | Create | Villager (Male) |
| 2:49 | Create | Villager (Male) |
| 2:50 | Create | Villager (Male) |
| 3:27 | Create | Villager (Male) |
| 3:28 | Create | Villager (Male) |
| 3:44 | Create | Villager (Male) |
| 3:50 | Build | Lumber Camp |
| 3:56 | Build | House |
| 3:58 | Build | House |
| 4:14 | Create | Villager (Male) |
| 4:16 | Create | Villager (Male) |
| 5:17 | Create | Villager (Male) |
| 5:59 | Build | Mill |
| 6:02 | Create | Villager (Male) |
| 6:13 | Create | Villager (Male) |
| 6:14 | Create | Villager (Male) |
| 6:15 | Create | Villager (Male) |
| 7:49 | Research | Loom |
| 7:54 | Create | Villager (Male) |
| 8:28 | Research | Feudal Age |
| 8:34 | Build | House |
| 8:36 | Build | House |
| 8:37 | Build | House |
| 9:33 | Build | Mill |
| 10:17 | Build | House |
| 10:31 | Create | Villager (Male) |
| 10:31 | Create | Villager (Male) |
| 10:38 | Age | Feudal Age |
| 10:44 | Research | Double-Bit Axe |
| 10:56 | Build | Blacksmith |
| 11:02 | Build | Market |
| 11:07 | Create | Villager (Male) |
| 12:00 | Research | Horse Collar |
| 12:17 | Create | Villager (Male) |
| 12:23 | Create | Villager (Male) |
| 12:27 | Create | Villager (Male) |
| 12:27 | Create | Villager (Male) |
| 12:49 | Build | Mining Camp |
| 13:20 | Build | Farm |
| 13:20 | Build | Farm |
| 13:20 | Build | Farm |
| 13:20 | Build | Farm |
| 13:33 | Build | Farm |
| 13:34 | Build | Farm |
| 13:34 | Build | Farm |
| 13:55 | Build | House |
| 13:57 | Build | House |
| 14:05 | Create | Villager (Male) |
| 14:39 | Build | Farm |
| 14:39 | Build | Farm |
| 14:45 | Create | Villager (Male) |
| 15:20 | Create | Villager (Male) |
| 15:40 | Research | Castle Age |
| 15:53 | Build | Barracks |
| 16:02 | Build | Farm |
| 16:02 | Build | Farm |
| 16:02 | Build | Farm |
| 16:02 | Build | Farm |
| 16:03 | Build | Farm |
| 16:11 | Create | Villager (Male) |
| 16:12 | Create | Villager (Male) |
| 16:13 | Create | Villager (Male) |
| 16:58 | Build | House |
| 17:18 | Build | House |
| 17:31 | Create | Spearman |
| 17:50 | Build | Farm |
| 17:50 | Build | Farm |
| 17:51 | Build | Farm |
| 18:14 | Build | House |
| 18:16 | Build | House |
| 18:25 | Age | Castle Age |
| 18:41 | Build | Town Center |
| 18:51 | Create | Villager (Male) |
| 19:36 | Create | Villager (Male) |
| 19:42 | Research | Bow Saw |
| 19:59 | Research | Stone Mining |
| 20:13 | Create | Villager (Male) |
| 20:13 | Create | Villager (Male) |
| 20:14 | Create | Villager (Male) |
| 20:31 | Create | Villager (Male) |
| 20:32 | Create | Villager (Male) |
| 20:33 | Create | Villager (Male) |
| 20:54 | Build | Town Center |
| 21:02 | Research | Squires |
| 21:04 | Create | Villager (Male) |
| 21:09 | Create | Villager (Male) |
| 21:24 | Research | Heavy Plow |
| 21:27 | Create | Villager (Male) |
| 21:46 | Create | Villager (Male) |
| 21:48 | Create | Villager (Male) |
| 22:10 | Research | Gold Mining |
| 22:13 | Create | Villager (Male) |
| 22:46 | Create | Villager (Male) |
| 23:06 | Create | Villager (Male) |
| 23:10 | Create | Villager (Male) |
| 23:10 | Create | Villager (Male) |
| 23:20 | Create | Villager (Male) |
| 23:26 | Build | Farm |
| 23:26 | Build | Farm |
| 23:26 | Build | Farm |
| 23:30 | Create | Villager (Male) |
| 23:31 | Research | Wheelbarrow |
| 23:35 | Research | Pikeman (upgrade) |
| 23:52 | Create | Villager (Male) |
| 23:53 | Create | Villager (Male) |
| 23:54 | Create | Villager (Male) |
| 24:44 | Create | Villager (Male) |
| 24:44 | Create | Villager (Male) |
| 24:45 | Create | Villager (Male) |
| 24:46 | Create | Villager (Male) |
| 24:53 | Build | Farm |
| 24:54 | Build | Farm |
| 24:54 | Build | Farm |
| 24:54 | Build | Farm |
| 24:57 | Build | Farm |
| 24:57 | Build | Farm |
| 24:57 | Build | Farm |
| 24:58 | Build | Farm |
| 24:58 | Build | Farm |
| 25:09 | Create | Villager (Male) |
| 25:18 | Build | Castle |
| 25:23 | Create | Villager (Male) |
| 25:24 | Create | Villager (Male) |
| 25:26 | Create | Villager (Male) |
| 25:31 | Research | Scale Mail Armor |
| 25:32 | Research | Forging |
| 26:01 | Create | Villager (Male) |
| 26:02 | Create | Villager (Male) |
| 26:05 | Create | Villager (Male) |
| 26:05 | Create | Villager (Male) |
| 26:32 | Build | Barracks |
| 26:34 | Build | Barracks |
| 26:48 | Build | House |
| 26:48 | Build | House |
| 26:49 | Build | House |
| 26:51 | Build | House |
| 26:51 | Build | House |
| 26:51 | Build | House |
| 26:52 | Build | House |
| 26:52 | Build | House |
| 27:20 | Research | Imperial Age |
| 27:24 | Create | Huskarl |
| 27:31 | Build | House |
| 27:31 | Build | House |
Build order — Acid Dag
First 150 of 309 actions detected
| 0:05 | Research | Loom |
| 0:06 | Create | Villager (Male) |
| 0:06 | Create | Villager (Male) |
| 0:07 | Create | Villager (Male) |
| 0:11 | Build | House |
| 0:13 | Build | House |
| 0:30 | Create | Villager (Male) |
| 1:35 | Create | Villager (Male) |
| 1:57 | Create | Villager (Male) |
| 2:17 | Create | Villager (Male) |
| 2:41 | Build | Mill |
| 2:57 | Create | Villager (Male) |
| 3:15 | Create | Villager (Male) |
| 3:16 | Create | Villager (Male) |
| 3:56 | Create | Villager (Male) |
| 3:59 | Build | House |
| 4:22 | Create | Villager (Male) |
| 4:43 | Create | Villager (Male) |
| 5:13 | Create | Villager (Male) |
| 5:14 | Create | Villager (Male) |
| 5:37 | Create | Villager (Male) |
| 5:38 | Create | Villager (Male) |
| 5:54 | Build | House |
| 6:31 | Create | Villager (Male) |
| 6:51 | Build | Lumber Camp |
| 7:16 | Create | Villager (Male) |
| 7:26 | Create | Villager (Male) |
| 7:27 | Create | Villager (Male) |
| 8:27 | Create | Villager (Male) |
| 8:43 | Build | Mining Camp |
| 8:55 | Research | Feudal Age |
| 9:42 | Build | House |
| 9:46 | Build | House |
| 9:56 | Build | Mill |
| 10:38 | Build | Mining Camp |
| 10:57 | Create | Villager (Male) ×5 |
| 11:27 | Age | Feudal Age |
| 11:31 | Research | Double-Bit Axe |
| 11:59 | Build | Market |
| 12:06 | Create | Villager (Male) ×5 |
| 12:40 | Build | Mill |
| 13:41 | Build | Blacksmith |
| 14:01 | Build | Farm |
| 14:30 | Build | House |
| 14:57 | Research | Castle Age |
| 15:10 | Build | House |
| 15:13 | Research | Stone Mining |
| 15:31 | Build | Farm |
| 15:31 | Build | Farm |
| 15:33 | Build | Farm |
| 15:35 | Build | Farm |
| 15:37 | Build | Farm |
| 15:50 | Research | Horse Collar |
| 15:57 | Build | House |
| 16:10 | Research | Gold Mining |
| 16:35 | Build | Barracks |
| 16:52 | Build | Farm |
| 16:52 | Build | Farm |
| 17:21 | Research | Fletching |
| 17:44 | Create | Villager (Male) |
| 17:44 | Create | Villager (Male) |
| 17:45 | Create | Villager (Male) |
| 17:50 | Create | Spearman |
| 17:50 | Create | Spearman |
| 17:52 | Age | Castle Age |
| 18:01 | Create | Spearman |
| 18:02 | Create | Spearman |
| 18:36 | Research | Squires |
| 19:00 | Research | Pikeman (upgrade) |
| 19:14 | Create | Villager (Male) ×3 |
| 19:33 | Build | Castle |
| 19:42 | Research | Scale Mail Armor |
| 19:50 | Create | Spearman |
| 20:07 | Create | Spearman |
| 20:25 | Build | Town Center |
| 20:28 | Create | Villager (Male) |
| 20:50 | Build | Mining Camp |
| 20:56 | Create | Huskarl |
| 21:08 | Create | Villager (Male) |
| 21:12 | Build | Farm |
| 21:13 | Build | Farm |
| 21:14 | Build | Farm |
| 21:16 | Build | Farm |
| 21:17 | Build | Farm |
| 21:18 | Build | Farm |
| 21:21 | Build | Farm |
| 21:24 | Create | Villager (Male) |
| 21:40 | Create | Villager (Male) |
| 21:56 | Create | Huskarl |
| 21:56 | Create | Huskarl |
| 22:02 | Build | Siege Workshop |
| 22:12 | Create | Petard |
| 22:31 | Create | Petard |
| 22:31 | Create | Petard |
| 22:38 | Create | Mangonel |
| 22:47 | Create | Villager (Male) |
| 22:48 | Create | Villager (Male) |
| 23:01 | Create | Villager (Male) |
| 23:17 | Create | Villager (Male) |
| 23:18 | Create | Villager (Male) |
| 23:24 | Create | Mangonel |
| 24:07 | Research | Wheelbarrow |
| 24:35 | Create | Villager (Male) ×3 |
| 24:44 | Build | Town Center |
| 24:52 | Research | Heavy Plow |
| 25:14 | Create | Huskarl ×2 |
| 25:57 | Create | Villager (Male) ×4 |
| 26:08 | Create | Spearman ×3 |
| 26:20 | Build | Barracks |
| 26:21 | Build | Barracks |
| 26:28 | Create | Villager (Male) |
| 26:31 | Build | Farm |
| 26:32 | Build | Farm |
| 26:34 | Build | Farm |
| 26:35 | Build | Farm |
| 26:36 | Build | Farm |
| 26:37 | Build | Farm |
| 26:50 | Research | Bow Saw |
| 27:14 | Create | Mangonel |
| 27:26 | Research | Bodkin Arrow |
| 27:31 | Create | Villager (Male) |
| 27:39 | Build | Mill |
| 27:40 | Build | Farm |
| 27:41 | Build | Farm |
| 27:43 | Build | Farm |
| 28:22 | Create | Battering Ram |
| 28:35 | Build | Siege Workshop |
| 28:51 | Create | Villager (Male) ×5 |
| 28:51 | Create | Villager (Male) ×5 |
| 28:52 | Create | Villager (Male) ×2 |
| 29:16 | Create | Spearman ×5 |
| 29:20 | Create | Battering Ram |
| 29:20 | Create | Battering Ram |
| 29:26 | Create | Villager (Male) ×4 |
| 29:37 | Build | Farm |
| 29:45 | Build | House |
| 29:49 | Build | House |
| 29:50 | Build | House |
| 30:02 | Create | Huskarl |
| 30:22 | Build | Farm |
| 30:25 | Build | Farm |
| 30:26 | Build | Farm |
| 30:39 | Create | Villager (Male) ×5 |
| 30:42 | Build | Town Center |
| 30:52 | Create | Battering Ram |
| 31:04 | Research | Town Watch |
| 31:10 | Research | Forging |
| 31:21 | Build | Mining Camp |
| 31:29 | Build | University |
| 31:32 | Build | House |
Build order — OnlyFranks
First 150 of 578 actions detected
| 0:01 | Create | Villager (Male) |
| 0:01 | Create | Villager (Male) |
| 0:01 | Create | Villager (Male) |
| 0:02 | Build | House |
| 0:04 | Build | House |
| 0:11 | Create | Villager (Male) |
| 0:11 | Create | Villager (Male) |
| 1:32 | Create | Villager (Male) |
| 1:33 | Create | Villager (Male) |
| 1:50 | Research | Loom |
| 1:51 | Create | Villager (Male) |
| 1:51 | Create | Villager (Male) |
| 1:53 | Build | Lumber Camp |
| 2:31 | Create | Villager (Male) |
| 2:31 | Create | Villager (Male) |
| 2:55 | Build | House |
| 2:58 | Build | House |
| 3:08 | Create | Villager (Male) |
| 3:08 | Create | Villager (Male) |
| 3:13 | Create | Villager (Male) |
| 3:14 | Create | Villager (Male) |
| 3:16 | Create | Villager (Male) |
| 4:17 | Create | Villager (Male) |
| 4:20 | Create | Villager (Male) |
| 4:31 | Create | Villager (Male) |
| 4:32 | Create | Villager (Male) |
| 4:50 | Create | Villager (Male) |
| 4:50 | Create | Villager (Male) |
| 5:37 | Build | Mill |
| 6:06 | Create | Villager (Male) |
| 6:18 | Create | Villager (Male) |
| 6:25 | Build | House |
| 6:27 | Build | House |
| 6:49 | Create | Villager (Male) |
| 6:59 | Build | Mining Camp |
| 7:06 | Create | Villager (Male) |
| 7:13 | Build | Lumber Camp |
| 7:36 | Create | Villager (Male) |
| 7:56 | Build | Farm |
| 7:58 | Build | Farm |
| 8:04 | Create | Villager (Male) |
| 8:47 | Create | Villager (Male) |
| 8:47 | Create | Villager (Male) |
| 9:07 | Build | Farm |
| 9:10 | Build | Farm |
| 9:37 | Research | Feudal Age |
| 10:38 | Create | Villager (Male) |
| 10:38 | Create | Villager (Male) |
| 11:41 | Age | Feudal Age |
| 11:42 | Build | Market |
| 11:44 | Build | Blacksmith |
| 11:45 | Create | Villager (Male) |
| 12:37 | Create | Villager (Male) |
| 12:51 | Research | Castle Age |
| 12:54 | Build | House |
| 12:56 | Build | House |
| 13:18 | Research | Double-Bit Axe |
| 13:46 | Research | Horse Collar |
| 13:52 | Research | Gold Mining |
| 14:17 | Build | Farm |
| 14:19 | Build | Farm |
| 14:28 | Build | Farm |
| 14:31 | Build | Farm |
| 14:40 | Build | Farm |
| 14:43 | Create | Villager (Male) |
| 14:43 | Create | Villager (Male) |
| 15:37 | Age | Castle Age |
| 15:41 | Build | Town Center |
| 15:51 | Build | Town Center |
| 15:56 | Create | Villager (Male) |
| 16:06 | Build | Town Center |
| 16:16 | Create | Villager (Male) |
| 16:20 | Research | Bow Saw |
| 16:21 | Create | Villager (Male) |
| 16:41 | Create | Villager (Male) |
| 16:55 | Create | Villager (Male) |
| 17:04 | Create | Villager (Male) |
| 17:05 | Create | Villager (Male) |
| 17:18 | Create | Villager (Male) |
| 17:18 | Create | Villager (Male) |
| 17:19 | Build | Farm |
| 17:20 | Create | Villager (Male) |
| 17:20 | Create | Villager (Male) |
| 17:30 | Create | Villager (Male) |
| 17:30 | Create | Villager (Male) |
| 17:33 | Build | Farm |
| 17:35 | Build | Farm |
| 17:51 | Create | Villager (Male) |
| 17:51 | Create | Villager (Male) |
| 17:53 | Build | Farm |
| 17:56 | Build | Farm |
| 17:59 | Build | Farm |
| 18:04 | Build | Farm |
| 18:04 | Build | Farm |
| 18:05 | Create | Villager (Male) |
| 18:06 | Create | Villager (Male) |
| 18:09 | Build | Farm |
| 18:11 | Create | Villager (Male) |
| 18:11 | Create | Villager (Male) |
| 18:12 | Create | Villager (Male) |
| 18:16 | Build | Farm |
| 18:17 | Build | Farm |
| 18:19 | Build | Farm |
| 18:20 | Create | Villager (Male) |
| 18:21 | Create | Villager (Male) |
| 18:33 | Build | Farm |
| 18:33 | Create | Villager (Male) |
| 18:34 | Create | Villager (Male) |
| 18:35 | Build | Farm |
| 18:39 | Create | Villager (Male) |
| 18:39 | Create | Villager (Male) |
| 18:40 | Create | Villager (Male) |
| 18:41 | Build | Farm |
| 18:46 | Build | Farm |
| 18:47 | Create | Villager (Male) |
| 18:47 | Create | Villager (Male) |
| 18:51 | Create | Villager (Male) |
| 18:56 | Build | Farm |
| 19:00 | Build | Farm |
| 19:01 | Create | Villager (Male) |
| 19:01 | Create | Villager (Male) |
| 19:07 | Build | Farm |
| 19:08 | Create | Villager (Male) |
| 19:14 | Build | Farm |
| 19:16 | Create | Villager (Male) |
| 19:17 | Create | Villager (Male) |
| 19:22 | Build | Farm |
| 19:26 | Build | Farm |
| 19:28 | Create | Villager (Male) |
| 19:28 | Create | Villager (Male) |
| 19:30 | Build | Farm |
| 19:32 | Create | Villager (Male) |
| 19:32 | Create | Villager (Male) |
| 19:35 | Build | House |
| 19:38 | Build | House |
| 19:41 | Build | House |
| 19:44 | Build | House |
| 19:49 | Create | Villager (Male) |
| 19:49 | Create | Villager (Male) |
| 19:49 | Create | Villager (Male) |
| 19:51 | Create | Villager (Male) |
| 19:56 | Build | Farm |
| 19:58 | Build | Farm |
| 20:03 | Build | Farm |
| 20:03 | Create | Villager (Male) |
| 20:09 | Build | Farm |
| 20:10 | Create | Villager (Male) |
| 20:10 | Create | Villager (Male) |
| 20:13 | Create | Villager (Male) |
| 20:13 | Create | Villager (Male) |
Build order — Военкомат
First 150 of 341 actions detected
| 0:03 | Build | House |
| 0:05 | Build | House |
| 0:06 | Create | Villager (Male) |
| 0:06 | Create | Villager (Male) |
| 0:10 | Create | Villager (Male) |
| 0:10 | Create | Villager (Male) |
| 1:37 | Create | Villager (Male) |
| 2:28 | Create | Villager (Male) |
| 2:30 | Build | Lumber Camp |
| 2:31 | Create | Villager (Male) |
| 2:59 | Create | Villager (Male) |
| 2:59 | Create | Villager (Male) |
| 3:32 | Create | Villager (Male) |
| 3:55 | Create | Villager (Male) |
| 4:14 | Build | Mill |
| 4:15 | Create | Villager (Male) |
| 4:36 | Create | Villager (Male) |
| 4:46 | Build | House |
| 5:33 | Create | Villager (Male) |
| 5:51 | Create | Villager (Male) |
| 5:55 | Create | Villager (Male) |
| 6:07 | Build | House |
| 6:14 | Build | Lumber Camp |
| 6:54 | Create | Villager (Male) |
| 7:19 | Create | Villager (Male) |
| 7:43 | Create | Villager (Male) |
| 7:57 | Create | Villager (Male) |
| 8:15 | Research | Horse Collar |
| 8:19 | Build | Mining Camp |
| 8:21 | Create | Villager (Male) |
| 8:26 | Research | Double-Bit Axe |
| 8:38 | Build | House |
| 8:49 | Build | Farm |
| 8:57 | Create | Villager (Male) |
| 9:19 | Create | Villager (Male) |
| 9:32 | Build | Farm |
| 9:37 | Create | Villager (Male) |
| 9:53 | Create | Villager (Male) |
| 9:59 | Build | Farm |
| 10:21 | Build | Farm |
| 10:43 | Create | Villager (Male) |
| 10:45 | Build | Farm |
| 11:18 | Build | Farm |
| 11:20 | Create | Villager (Male) |
| 11:45 | Create | Villager (Male) |
| 11:51 | Research | Feudal Age |
| 11:53 | Build | Farm |
| 12:08 | Build | House |
| 12:43 | Create | Villager (Male) |
| 12:43 | Create | Villager (Male) |
| 13:38 | Create | Villager (Male) |
| 13:50 | Build | Barracks |
| 14:01 | Age | Feudal Age |
| 14:45 | Create | Villager (Male) |
| 14:52 | Build | Stable |
| 15:05 | Build | Blacksmith |
| 15:08 | Build | House |
| 15:25 | Build | Farm |
| 15:39 | Build | Farm |
| 15:49 | Build | Lumber Camp |
| 15:55 | Build | Farm |
| 16:08 | Research | Castle Age |
| 16:16 | Build | Farm |
| 16:20 | Build | Farm |
| 16:24 | Build | Farm |
| 16:25 | Build | Farm |
| 16:27 | Build | Farm |
| 17:02 | Create | Scout Cavalry |
| 17:02 | Create | Scout Cavalry |
| 17:03 | Create | Scout Cavalry |
| 17:45 | Create | Villager (Male) |
| 17:47 | Create | Villager (Male) |
| 17:55 | Research | Bow Saw |
| 17:56 | Research | Heavy Plow |
| 18:29 | Create | Villager (Male) |
| 18:38 | Build | House |
| 18:39 | Build | House |
| 18:40 | Build | House |
| 18:41 | Build | House |
| 18:43 | Build | House |
| 18:44 | Build | House |
| 18:48 | Age | Castle Age |
| 18:52 | Research | Wheelbarrow |
| 18:54 | Research | Crop Rotation |
| 19:20 | Build | Town Center |
| 20:09 | Build | Monastery |
| 20:14 | Create | Villager (Male) |
| 20:14 | Create | Villager (Male) |
| 20:51 | Create | Monk |
| 20:51 | Create | Monk |
| 21:08 | Build | Town Center |
| 21:15 | Research | Two-Man Saw |
| 21:19 | Create | Villager (Male) |
| 22:02 | Build | Farm |
| 22:03 | Build | Farm |
| 22:05 | Build | Farm |
| 22:15 | Create | Villager (Male) |
| 22:15 | Create | Villager (Male) |
| 22:15 | Create | Villager (Male) |
| 22:16 | Create | Villager (Male) |
| 22:16 | Create | Villager (Male) |
| 22:17 | Create | Villager (Male) |
| 22:19 | Create | Villager (Male) |
| 22:20 | Create | Villager (Male) |
| 22:20 | Create | Villager (Male) |
| 22:20 | Create | Villager (Male) |
| 22:50 | Create | Monk |
| 22:57 | Build | Farm |
| 23:01 | Create | Scout Cavalry |
| 23:02 | Create | Scout Cavalry |
| 23:02 | Create | Scout Cavalry |
| 23:04 | Research | Husbandry |
| 23:08 | Research | Scale Barding Armor |
| 23:08 | Research | Forging |
| 23:18 | Create | Monk |
| 23:25 | Create | Villager (Male) |
| 23:31 | Build | Farm |
| 23:33 | Create | Villager (Male) |
| 23:36 | Create | Villager (Male) |
| 23:37 | Create | Villager (Male) |
| 23:37 | Create | Villager (Male) |
| 23:38 | Create | Villager (Male) |
| 23:38 | Create | Villager (Male) |
| 23:42 | Create | Villager (Male) |
| 23:42 | Create | Villager (Male) |
| 24:02 | Build | Farm |
| 24:04 | Create | Villager (Male) |
| 24:06 | Create | Villager (Male) |
| 24:07 | Create | Villager (Male) |
| 25:03 | Create | Scout Cavalry |
| 25:04 | Create | Scout Cavalry |
| 25:04 | Create | Scout Cavalry |
| 25:04 | Create | Scout Cavalry |
| 25:05 | Create | Scout Cavalry |
| 25:05 | Create | Scout Cavalry |
| 25:19 | Build | Farm |
| 25:21 | Build | Farm |
| 25:24 | Build | Farm |
| 25:25 | Create | Villager (Male) |
| 25:26 | Create | Villager (Male) |
| 25:26 | Create | Villager (Male) |
| 25:26 | Create | Villager (Male) |
| 25:28 | Create | Villager (Male) |
| 25:29 | Create | Villager (Male) |
| 25:37 | Create | Villager (Male) |
| 26:58 | Build | Farm |
| 27:03 | Build | Farm |
| 27:06 | Build | Farm |
| 27:09 | Build | Farm |
| 27:10 | Create | Villager (Male) |
Build order — Timbor
First 150 of 597 actions detected
| 0:02 | Create | Villager (Male) |
| 0:02 | Create | Villager (Male) |
| 0:03 | Create | Villager (Male) |
| 0:03 | Create | Villager (Male) |
| 0:03 | Create | Villager (Male) |
| 0:05 | Build | House |
| 0:08 | Build | House |
| 0:09 | Build | House |
| 1:40 | Create | Villager (Male) |
| 1:59 | Create | Villager (Male) |
| 1:59 | Create | Villager (Male) |
| 2:40 | Create | Villager (Male) |
| 2:41 | Create | Villager (Male) |
| 3:02 | Create | Villager (Male) |
| 3:03 | Create | Villager (Male) |
| 3:12 | Build | Mill |
| 3:20 | Create | Villager (Male) |
| 3:20 | Create | Villager (Male) |
| 3:42 | Create | Villager (Male) |
| 3:42 | Create | Villager (Male) |
| 4:12 | Create | Villager (Male) |
| 4:13 | Create | Villager (Male) |
| 4:22 | Create | Villager (Male) |
| 4:45 | Create | Villager (Male) |
| 4:46 | Create | Villager (Male) |
| 5:02 | Build | Farm |
| 5:03 | Build | Farm |
| 5:18 | Create | Villager (Male) |
| 5:18 | Create | Villager (Male) |
| 5:44 | Create | Villager (Male) |
| 5:45 | Create | Villager (Male) |
| 5:46 | Create | Villager (Male) |
| 5:46 | Create | Villager (Male) |
| 6:00 | Create | Villager (Male) |
| 6:00 | Create | Villager (Male) |
| 6:03 | Create | Villager (Male) |
| 6:08 | Build | House |
| 6:39 | Build | House |
| 7:15 | Create | Villager (Male) |
| 7:34 | Build | Farm |
| 7:35 | Create | Villager (Male) |
| 8:11 | Build | Lumber Camp |
| 8:30 | Research | Feudal Age |
| 10:05 | Build | Farm |
| 10:20 | Build | Farm |
| 10:40 | Age | Feudal Age |
| 10:47 | Create | Villager (Male) |
| 11:25 | Research | Castle Age |
| 11:52 | Research | Double-Bit Axe |
| 11:52 | Research | Double-Bit Axe |
| 12:17 | Research | Horse Collar |
| 12:17 | Research | Horse Collar |
| 14:05 | Age | Castle Age |
| 14:07 | Build | Town Center |
| 14:17 | Create | Villager (Male) |
| 14:45 | Research | Wheelbarrow |
| 15:00 | Research | Bow Saw |
| 15:02 | Create | Villager (Male) |
| 15:17 | Create | Villager (Male) |
| 15:19 | Create | Villager (Male) |
| 15:31 | Create | Villager (Male) |
| 15:45 | Build | House |
| 15:56 | Create | Villager (Male) |
| 16:01 | Create | Villager (Male) |
| 16:15 | Research | Wheelbarrow |
| 16:19 | Create | Villager (Male) |
| 16:26 | Create | Villager (Male) |
| 16:36 | Build | Town Center |
| 16:41 | Create | Villager (Male) |
| 16:53 | Build | Farm |
| 17:07 | Create | Villager (Male) |
| 17:12 | Research | Heavy Plow |
| 17:13 | Create | Villager (Male) |
| 17:16 | Create | Villager (Male) |
| 17:19 | Build | House |
| 17:28 | Create | Villager (Male) |
| 17:30 | Build | Farm |
| 17:37 | Create | Villager (Male) |
| 17:40 | Create | Villager (Male) |
| 17:45 | Build | Farm |
| 17:50 | Build | Farm |
| 17:54 | Build | Farm |
| 17:57 | Create | Villager (Male) |
| 18:05 | Build | Farm |
| 18:08 | Build | House |
| 18:09 | Build | House |
| 18:10 | Create | Villager (Male) |
| 18:16 | Build | Farm |
| 18:21 | Build | Farm |
| 18:25 | Build | Farm |
| 18:28 | Build | Farm |
| 18:30 | Create | Villager (Male) |
| 18:30 | Create | Villager (Male) |
| 18:37 | Create | Villager (Male) |
| 18:38 | Create | Villager (Male) |
| 18:54 | Build | Town Center |
| 18:59 | Create | Villager (Male) |
| 18:59 | Create | Villager (Male) |
| 19:06 | Build | Farm |
| 19:07 | Create | Villager (Male) |
| 19:14 | Build | Farm |
| 19:15 | Create | Villager (Male) |
| 19:15 | Create | Villager (Male) |
| 19:25 | Create | Villager (Male) |
| 19:25 | Create | Villager (Male) |
| 19:29 | Build | Farm |
| 19:33 | Build | Farm |
| 19:36 | Build | Farm |
| 19:37 | Create | Villager (Male) |
| 19:37 | Create | Villager (Male) |
| 19:37 | Create | Villager (Male) |
| 19:42 | Build | House |
| 19:44 | Build | House |
| 19:44 | Build | House |
| 19:45 | Build | House |
| 19:47 | Create | Villager (Male) |
| 19:47 | Create | Villager (Male) |
| 19:47 | Create | Villager (Male) |
| 19:55 | Build | Farm |
| 19:56 | Create | Villager (Male) |
| 20:07 | Create | Villager (Male) |
| 20:08 | Create | Villager (Male) |
| 20:13 | Build | Monastery |
| 20:14 | Create | Villager (Male) |
| 20:14 | Create | Villager (Male) |
| 20:23 | Build | Farm |
| 20:25 | Create | Villager (Male) |
| 20:26 | Create | Villager (Male) |
| 20:28 | Create | Villager (Male) |
| 20:38 | Create | Villager (Male) |
| 20:38 | Create | Villager (Male) |
| 20:43 | Create | Villager (Male) |
| 20:43 | Create | Villager (Male) |
| 20:51 | Create | Villager (Male) |
| 20:51 | Create | Villager (Male) |
| 20:54 | Build | Farm |
| 20:58 | Create | Villager (Male) |
| 20:59 | Create | Villager (Male) |
| 21:05 | Create | Monk |
| 21:10 | Create | Villager (Male) |
| 21:10 | Create | Villager (Male) |
| 21:10 | Create | Villager (Male) |
| 21:14 | Build | House |
| 21:15 | Build | House |
| 21:15 | Create | Villager (Male) |
| 21:16 | Create | Villager (Male) |
| 21:21 | Build | Town Center |
| 21:28 | Create | Villager (Male) |
| 21:28 | Create | Villager (Male) |
| 21:36 | Create | Villager (Male) |
Build order — avarhard
First 150 of 363 actions detected
| 0:01 | Create | Villager (Male) ×4 |
| 0:04 | Build | House |
| 0:06 | Build | House |
| 1:24 | Create | Villager (Male) |
| 1:52 | Build | Lumber Camp |
| 2:04 | Create | Villager (Male) |
| 2:19 | Create | Villager (Male) |
| 2:51 | Create | Villager (Male) |
| 3:10 | Create | Villager (Male) |
| 3:43 | Create | Villager (Male) |
| 3:50 | Build | House |
| 3:55 | Build | Mill |
| 4:08 | Create | Villager (Male) |
| 4:16 | Build | House |
| 4:37 | Build | House |
| 4:41 | Create | Villager (Male) |
| 4:45 | Research | Loom |
| 5:37 | Create | Villager (Male) |
| 5:38 | Create | Villager (Male) |
| 5:38 | Create | Villager (Male) |
| 5:38 | Create | Villager (Male) |
| 5:51 | Create | Villager (Male) |
| 5:51 | Create | Villager (Male) |
| 6:39 | Create | Villager (Male) |
| 6:52 | Create | Villager (Male) |
| 7:11 | Create | Villager (Male) |
| 7:40 | Create | Villager (Male) |
| 8:51 | Research | Feudal Age |
| 9:29 | Build | Mill |
| 9:39 | Create | Villager (Male) |
| 11:07 | Age | Feudal Age |
| 11:12 | Research | Double-Bit Axe |
| 11:15 | Create | Villager (Male) |
| 11:34 | Build | Market |
| 11:37 | Build | Blacksmith |
| 11:40 | Build | Mining Camp |
| 11:45 | Build | Farm |
| 11:46 | Create | Villager (Male) |
| 12:05 | Build | Farm |
| 12:20 | Create | Villager (Male) |
| 12:28 | Build | Farm |
| 12:41 | Create | Villager (Male) |
| 12:54 | Build | Farm |
| 13:04 | Create | Villager (Male) |
| 13:19 | Build | Farm |
| 13:31 | Create | Villager (Male) |
| 13:46 | Build | Farm |
| 13:51 | Research | Castle Age |
| 14:07 | Build | Farm |
| 14:08 | Build | Farm |
| 14:09 | Build | Farm |
| 14:22 | Build | Farm |
| 14:25 | Create | Villager (Male) |
| 14:45 | Research | Gold Mining |
| 15:32 | Build | House |
| 15:34 | Build | House |
| 15:35 | Build | House |
| 15:37 | Build | House |
| 15:39 | Build | House |
| 15:42 | Build | House |
| 16:31 | Age | Castle Age |
| 16:34 | Build | Monastery |
| 16:56 | Create | Villager (Male) |
| 16:59 | Research | Bow Saw |
| 17:08 | Build | Town Center |
| 17:15 | Create | Villager (Male) |
| 17:18 | Create | Monk |
| 17:19 | Research | Fervor |
| 17:26 | Create | Monk |
| 17:27 | Create | Monk |
| 17:32 | Create | Villager (Male) |
| 17:57 | Research | Gold Shaft Mining |
| 18:02 | Create | Villager (Male) |
| 18:16 | Create | Villager (Male) |
| 18:16 | Create | Villager (Male) |
| 18:31 | Create | Monk |
| 19:02 | Create | Villager (Male) |
| 19:11 | Build | Town Center |
| 19:26 | Build | Mining Camp |
| 19:29 | Research | Wheelbarrow |
| 19:30 | Create | Villager (Male) |
| 19:30 | Create | Villager (Male) |
| 19:31 | Create | Villager (Male) |
| 19:55 | Build | Farm |
| 19:56 | Build | Farm |
| 20:00 | Create | Villager (Male) |
| 20:02 | Create | Villager (Male) |
| 20:16 | Create | Villager (Male) |
| 21:33 | Create | Monk |
| 21:52 | Research | Hand Cart |
| 21:52 | Create | Villager (Male) |
| 21:52 | Create | Villager (Male) |
| 21:57 | Build | Farm |
| 21:57 | Build | Farm |
| 21:58 | Build | Farm |
| 22:17 | Build | Town Center |
| 22:49 | Create | Monk |
| 23:40 | Research | Town Watch |
| 23:41 | Create | Villager (Male) ×5 |
| 23:46 | Build | Farm |
| 23:46 | Build | Farm |
| 23:47 | Build | Farm |
| 23:47 | Build | Farm |
| 23:48 | Build | Farm |
| 24:17 | Create | Villager (Male) ×5 |
| 24:18 | Create | Villager (Male) ×4 |
| 24:29 | Build | House |
| 24:30 | Build | House |
| 24:31 | Build | House |
| 24:32 | Build | House |
| 24:34 | Build | House |
| 24:36 | Build | House |
| 24:37 | Build | House |
| 24:38 | Build | House |
| 24:39 | Build | House |
| 24:40 | Build | House |
| 24:41 | Build | House |
| 24:42 | Build | House |
| 24:43 | Build | House |
| 24:47 | Create | Villager (Male) ×4 |
| 24:51 | Build | Farm |
| 24:54 | Build | Farm |
| 24:54 | Build | Farm |
| 24:55 | Build | Farm |
| 24:59 | Build | Farm |
| 25:00 | Build | Farm |
| 25:04 | Build | Farm |
| 25:04 | Build | Farm |
| 25:14 | Build | Farm |
| 25:15 | Build | Farm |
| 25:15 | Build | Farm |
| 25:16 | Build | Farm |
| 25:29 | Create | Villager (Male) ×5 |
| 25:45 | Build | Farm |
| 26:18 | Research | Town Patrol |
| 26:19 | Create | Villager (Male) ×5 |
| 26:30 | Build | Barracks |
| 26:31 | Build | Barracks |
| 26:33 | Build | Barracks |
| 26:34 | Build | Barracks |
| 26:37 | Create | Villager (Male) ×5 |
| 26:42 | Build | Farm |
| 26:42 | Build | Farm |
| 26:42 | Build | Farm |
| 26:48 | Build | Farm |
| 26:49 | Build | Farm |
| 26:56 | Build | Farm |
| 27:00 | Create | Villager (Male) ×5 |
| 27:02 | Create | Villager (Male) ×5 |
| 27:26 | Build | House |
Match timeline
| 10:38 | xdr4690 · age_up feudal |
| 10:40 | Timbor · age_up feudal |
| 10:59 | Tetrodotoxin · age_up feudal |
| 11:07 | avarhard · age_up feudal |
| 11:27 | Acid Dag · age_up feudal |
| 11:41 | OnlyFranks · age_up feudal |
| 12:39 | maltheh9797 · age_up feudal |
| 13:50 | Военкомат · first_building Barracks |
| 13:50 | avarhard · first_market_sell 100 wood |
| 14:01 | Военкомат · age_up feudal |
| 14:05 | Timbor · age_up castle |
| 14:52 | Военкомат · first_building Stable |
| 15:37 | OnlyFranks · age_up castle |
| 15:53 | xdr4690 · first_building Barracks |
| 16:01 | OnlyFranks · first_market_buy 100 stone |
| 16:31 | avarhard · age_up castle |
| 16:34 | avarhard · first_building Monastery |
| 16:35 | Acid Dag · first_building Barracks |
| 17:31 | maltheh9797 · age_up castle |
| 17:49 | maltheh9797 · first_building Castle |
| 17:52 | Acid Dag · age_up castle |
| 18:25 | xdr4690 · age_up castle |
| 18:35 | xdr4690 · first_market_buy 100 wood |
| 18:48 | Военкомат · age_up castle |
| 19:32 | Tetrodotoxin · age_up castle |
| 19:33 | Acid Dag · first_building Castle |
| 19:59 | Tetrodotoxin · first_market_buy 100 stone |
| 20:09 | Военкомат · first_building Monastery |
| 20:13 | Timbor · first_building Monastery |
| 20:54 | Tetrodotoxin · first_building Castle |
| 21:17 | maltheh9797 · wall_segment Stone Wall x17 |
| 21:27 | Tetrodotoxin · first_building Barracks |
| 21:56 | OnlyFranks · first_building Siege Workshop |
| 21:59 | OnlyFranks · first_building Barracks |
| 22:02 | Acid Dag · first_building Siege Workshop |
| 22:11 | avarhard · first_market_buy 100 stone |
| 22:40 | Tetrodotoxin · first_building Stable |
| 23:08 | maltheh9797 · wall_segment Stone Wall x17 |
| 23:11 | OnlyFranks · first_building Stable |
| 23:51 | maltheh9797 · first_building Siege Workshop |
| 25:05 | OnlyFranks · first_building Archery Range |
| 25:18 | xdr4690 · first_building Castle |
| 25:46 | Timbor · first_building Castle |
| 26:30 | avarhard · first_building Barracks |
| 26:56 | xdr4690 · first_market_sell 100 wood |
| 27:04 | maltheh9797 · wall_segment Stone Wall x3 |
| 27:30 | Timbor · first_building Barracks |
| 27:57 | Tetrodotoxin · first_building Archery Range |
| 28:17 | OnlyFranks · first_market_sell 100 wood |
| 28:48 | Timbor · first_building Stable |
| 29:02 | xdr4690 · first_building Siege Workshop |
| 29:19 | maltheh9797 · wall_segment Stone Wall x1 |
| 29:25 | Военкомат · first_building Archery Range |
| 29:49 | avarhard · first_building Stable |
| 30:07 | OnlyFranks · first_building Castle |
| 30:30 | xdr4690 · age_up imperial |
| 30:44 | maltheh9797 · first_building Barracks |
| 30:47 | Tetrodotoxin · first_building Monastery |
| 31:09 | Timbor · wall_segment Stone Wall x2 |
| 31:12 | Timbor · wall_segment Stone Wall x7 |
| 31:28 | avarhard · first_building Siege Workshop |
| 31:42 | Timbor · wall_segment Stone Wall x1 |
| 31:51 | Timbor · age_up imperial |
| 31:56 | Timbor · wall_segment Stone Wall x4 |
| 32:07 | OnlyFranks · age_up imperial |
| 32:13 | Timbor · wall_segment Stone Wall x1 |
| 32:23 | Acid Dag · first_building Monastery |
| 32:36 | Timbor · wall_segment Stone Wall x1 |
| 32:57 | maltheh9797 · first_building Stable |
| 33:05 | avarhard · age_up imperial |
| 33:28 | maltheh9797 · wall_segment Stone Wall x11 |
| 33:35 | Timbor · wall_segment Stone Wall x5 |
| 34:19 | avarhard · first_building Archery Range |
| 34:39 | maltheh9797 · first_building Archery Range |
| 35:15 | Военкомат · wall_segment Stone Wall x4 |
| 36:17 | Tetrodotoxin · age_up imperial |
| 37:23 | avarhard · first_building Castle |
| 38:03 | Acid Dag · age_up imperial |
| 38:24 | maltheh9797 · age_up imperial |
| 39:41 | Timbor · first_market_sell 500 wood |
| 39:43 | Timbor · first_market_buy 100 food |
| 40:52 | Военкомат · wall_segment Stone Wall x5 |
| 41:20 | Acid Dag · first_building Archery Range |
| 41:57 | OnlyFranks · wall_segment Stone Wall x6 |
| 42:04 | avarhard · tribute_sent a jugador 1 |
| 42:04 | avarhard · tribute_sent a jugador 2 |
| 42:04 | avarhard · tribute_sent a jugador 3 |
| 42:04 | avarhard · tribute_sent a jugador 4 |
| 42:04 | avarhard · tribute_sent a jugador 5 |
| 42:04 | avarhard · tribute_sent a jugador 6 |
| 42:04 | avarhard · tribute_sent a jugador 7 |
| 42:06 | Tetrodotoxin · tribute_sent a jugador 1 |
| 42:06 | Tetrodotoxin · tribute_sent a jugador 3 |
| 42:06 | Tetrodotoxin · tribute_sent a jugador 4 |
| 42:06 | Tetrodotoxin · tribute_sent a jugador 5 |
| 42:06 | Tetrodotoxin · tribute_sent a jugador 6 |
| 42:06 | Tetrodotoxin · tribute_sent a jugador 7 |
| 42:06 | Tetrodotoxin · tribute_sent a jugador 8 |
| 44:41 | avarhard · tribute_sent a jugador 1 |
| 44:41 | avarhard · tribute_sent a jugador 2 |
| 44:41 | avarhard · tribute_sent a jugador 3 |
| 44:41 | avarhard · tribute_sent a jugador 4 |
| 44:41 | avarhard · tribute_sent a jugador 5 |
| 44:41 | avarhard · tribute_sent a jugador 6 |
| 44:41 | avarhard · tribute_sent a jugador 7 |
| 45:49 | maltheh9797 · first_market_sell 100 food |
| 47:41 | avarhard · wall_segment Stone Wall x20 |
| 47:44 | avarhard · wall_segment Stone Wall x9 |
| 48:47 | avarhard · wall_segment Stone Wall x4 |
| 49:35 | Военкомат · first_building Castle |
| 51:21 | Tetrodotoxin · tribute_sent a jugador 1 |
| 51:21 | Tetrodotoxin · tribute_sent a jugador 3 |
| 51:21 | Tetrodotoxin · tribute_sent a jugador 4 |
| 51:21 | Tetrodotoxin · tribute_sent a jugador 5 |
| 51:21 | Tetrodotoxin · tribute_sent a jugador 6 |
| 51:21 | Tetrodotoxin · tribute_sent a jugador 7 |
| 51:21 | Tetrodotoxin · tribute_sent a jugador 8 |
| 51:25 | Tetrodotoxin · resign |
[ AI ANALYSIS · 1 CREDIT ]
What really happened in this match?
Wolo.gg analyzes every decision: build order, eco, micro, common mistakes by bracket. Personalized analysis on WhatsApp or Discord in 30 seconds.
Civ guide
Huns
Map guide
Arena
Perfil
Jugador #19457714